 Dungeon Crawl Stone Soup version 0.31-a0-175-g9f7f995f2b (webtiles) character file.

Game seed: 10730801770533852872

89 qw the Shooter (level 4, -16/28 HPs)
             Began as a Gargoyle Hunter on June 17, 2023.
             Demolished by an ogre
             ... wielding a +0 giant club
              (31 damage)
             ... on level 3 of the Dungeon.
             The game lasted 00:00:39 (2036 turns).

qw the Shooter (Gargoyle Hunter)                    Turns: 2036, Time: 00:00:39

Health: -16/28     AC:  9    Str: 14    XL:     4   Next: 55%
Magic:  4/4        EV: 11    Int: 10    God:
Gold:   93         SH:  0    Dex: 15    Spells: 3/3 levels left

rFire   . . .        Y - +0 shortbow
rCold   . . .        (shield currently unavailable)
rNeg    + . .        c - +0 leather armour
rPois   inf          h - +0 helmet
rElec   +            e - +1 cloak
rCorr   .            (no gloves)
SInv    .            (no boots)
Will    .....        (no amulet)
Stlth   ++           (no ring)
HPRegen 0.24/turn    (no ring)
MPRegen 0.09/turn

%: no passive effects
@: no status effects
A: sickness immunity, AC +3, negative energy resistance 1, electricity
resistance, torment resistance 1, petrification resistance
a: no special abilities


You were on level 3 of the Dungeon.
You visited 1 branch of the dungeon, and saw 3 of its levels.

You collected 93 gold pieces.


Innate Abilities, Weirdness & Mutations

You are immune to sickness and miasma.
Your stone body is resilient. (AC +3)
You are immune to poison.
You resist negative energy. (rN+)
You are resistant to electric shocks. (rElec)
You are resistant to unholy torment.
You are immune to petrification.


   Skills:
 - Level 3.1 Fighting
 + Level 5.3 Ranged Weapons
 - Level 1.0 Armour
 - Level 1.5 Dodging
 - Level 1.1 Stealth


You had 3 spell levels left.
You didn't know any spells.
Your spell library was empty.

Inventory:

Hand Weapons
 Y - a +0 shortbow (weapon)
Armour
 b - the +0 pair of boots "Zymiz" {Harm rC- Int+3}
   (You found it on level 2 of the Dungeon)

   Int:       It affects your intelligence (+3).
   rC:        It makes you vulnerable to cold.
   Harm:      It increases damage dealt and taken.
 c - a +0 leather armour (worn)
 e - a +1 cloak (worn)
 f - a +0 ring mail
 h - a +0 helmet (worn)
Scrolls
 d - a scroll of teleportation
 i - 2 scrolls of enchant weapon {unknown}
Potions
 a - a potion of heal wounds {unknown}
 g - a potion of mutation {unknown}
 j - 2 potions of cancellation {unknown}

Dungeon Overview and Level Annotations

Branches:
Dungeon (3/15)

Altars:
Vehumet


Message History

Enter note:
Enter note: You shoot an arrow.
The ogre shouts!
The arrow hits the ogre.
The ogre is lightly wounded.
You shoot an arrow. The arrow closely misses the ogre.
You shoot an arrow. The arrow hits the ogre.
The ogre is lightly wounded.
An endoplasm comes into view.
You shoot an arrow. The arrow barely misses the ogre.
The endoplasm quivers.
You shoot an arrow.
The arrow hits the ogre but does no damage.
The ogre is lightly wounded.
The ogre completely misses you.
You shoot an arrow. The arrow hits the ogre!
The ogre is heavily wounded.
The ogre closely misses you.
You shoot an arrow. The arrow hits the ogre.
The ogre is severely wounded.
You shoot an arrow. The arrow hits the ogre.
The ogre is severely wounded.
The ogre hits you with a +0 giant club!
Ouch! That really hurt!
You shoot an arrow. The arrow hits the ogre.
The ogre is severely wounded.
The ogre closely misses you.
You shoot an arrow. The arrow barely misses the ogre.
The arrow hits the endoplasm.
The endoplasm is almost dead.
The ogre closely misses you.
You shoot an arrow. The arrow hits the ogre.
The ogre is almost dead.
You shoot an arrow. The arrow completely misses the ogre.
The arrow hits the endoplasm!
You kill the endoplasm!
The ogre hits you with a +0 giant club!!
Ouch! That really hurt!
You die...

. ... #####..#
#.@O..# ##.#####
..#####%.#####
.............#
#######.####...#
##..# .# ##..##
#. ##..... #..##
.. ......
####.###
........


You could see an ogre.

Vanquished Creatures
  4 adders
  A worm (D:2)
  A dart slug (D:1)
  An orc (D:3)
  4 ball pythons
  2 bats
  8 endoplasms
  4 giant cockroaches
  3 goblins (D:1)
  5 hobgoblins
  3 kobolds
  A quokka (D:1)
  5 frilled lizards
  4 rats
46 creatures vanquished.

Notes
Turn   | Place    | Note
-------+----------+-------------------------------------------
     0 | D:1      | qw the Gargoyle Hunter began the quest for the Orb.
     0 | D:1      | Reached XP level 1. HP: 12/12 MP: 1/1
     0 | D:1      | 0 ||| qw: Version: 0.3-a-2-g5ab2908
     0 | D:1      | 0 ||| qw: Game counter: 366
     0 | D:1      | 0 ||| qw: Always use a shield: true
     0 | D:1      | 0 ||| qw: God list: Okawaru
     0 | D:1      | 0 ||| qw: Allow faded altars: false
     0 | D:1      | 0 ||| qw: Do Orc after D:15 true
     0 | D:1      | 0 ||| qw: Do second Lair branch before Depths: true
     0 | D:1      | 0 ||| qw: Lair rune preference: random
     0 | D:1      | 0 ||| qw: Plans: Normal, Zot:1-4, Slime:5, God:TSO, Crypt,
                  | Tomb, Abyss, Pan, Hells, Win
     0 | D:1      | 0 ||| PLANNING D:1-11
   270 | D:1      | Reached XP level 2. HP: 17/17 MP: 2/2
   871 | D:1      | 871 ||| UPGRADING to +1 cloak.
   876 | D:1      | 876 ||| READING scroll labelled VANWEG QUSTRIX.
   877 | D:1      | 877 ||| READING scroll labelled NUHIGISUPS.
   889 | D:1      | 889 ||| READING 2 scrolls labelled CUSKOX ZAVEA.
   890 | D:1      | 890 ||| READING scroll labelled ETHAPSI ETAHOI.
   891 | D:1      | 891 ||| DROPPING scroll of butterflies.
   892 | D:1      | 892 ||| DROPPING scroll of poison.
   927 | D:2      | Reached XP level 3. HP: 21/21 MP: 3/3
   937 | D:2      | Reached skill level 5 in Ranged Weapons
   982 | D:2      | Identified the +0 pair of boots "Zymiz" {Harm rC- Int+3}
  1329 | D:2      | Reached skill level 3 in Fighting
  1578 | D:2      | Reached XP level 4. HP: 28/28 MP: 4/4
  1899 | D:2      | 1899 ||| UPGRADING to +0 helmet.
  1904 | D:2      | 1904 ||| READING 2 scrolls labelled SEUM ROERISORCH.
  1905 | D:2      | 1905 ||| READING scroll labelled XIRHIQ LYNEX.
  1909 | D:2      | 1909 ||| DROPPING scroll of noise.
  1947 | D:3      | Reached skill level 1 in Armour
  1958 | D:3      | Found a radiant altar of Vehumet.
  2024 | D:3      | Noticed an ogre
  2036 | D:3      | Demolished by an ogre

Levels and vault maps discovered:
D:1:      heliophobic_arrival_battle_scene, layout_loops_ring, serial_forest,
          infiniplex_forest_zigzag_1, infiniplex_forest_end_2,
          infiniplex_forest_clump_tiny, infiniplex_forest_clump_small,
          infiniplex_forest_end_2, infiniplex_forest_pool,
          infiniplex_forest_clump_curved
D:2:      layout_basic, minmay_domino_4
D:3:      layout_rooms, nicolae_wu_jian_wuxing_cycle, lemuel_round_altar,
          mainiacjoe_overflow_alcove_2, minmay_misc_feat_square

Skill      XL: |  1  2  3  4 |
---------------+-------------+-----
Ranged Weapons | 5 |  5.3
Fighting       | 3 |  3.1
Armour         | 1 |  1.0
Dodging        | |  1.5
Stealth        | |  1.1

Action                     |  1- 3 |  4- 6 || total
---------------------------+-------+-------++-------
   Fire: Shortbow          |    99 |    47 ||   146
    Use: Scroll            |     4 |     2 ||     6
 Armour: Leather armour    |    12 |    18 ||    30
  Dodge: Dodged            |    16 |    27 ||    43

Table legend:
 A = Non-vault XP
 B = Vault XP
 C = Vault XP percentage of total XP
 D = Non-vault monster count
 E = Vault monster count
 F = Vault count percentage of total count
                 A         B        C        D         E       F
            +---------+---------+-------+---------+---------+-------
      Total |     127 |       3 |   2.3 |      44 |       2 |   4.3
            +---------+---------+-------+---------+---------+-------
        D:1 |      32 |       0 |   0.0 |      18 |       0 |   0.0
        D:2 |      68 |       3 |   4.2 |      18 |       2 |  10.0
        D:3 |      27 |       0 |   0.0 |       8 |       0 |   0.0
            +---------+---------+-------+---------+---------+-------
